 Dungeon Crawl Stone Soup version 0.26.1-11-gd32895ea62 (webtiles) character file.

Game seed: 8763426795506614083

397 Gabide the Slasher (level 6, -3/48 HPs)
             Began as a Mummy Fighter on May 14, 2021.
             Was a Believer of Uskayaw.
             Slain by a mummy (6 damage)
             ... in an ossuary.
             The game lasted 00:06:35 (3798 turns).

Gabide the Slasher (Mummy Fighter)                  Turns: 3798, Time: 00:06:35

Health: -3/48      AC: 10    Str: 21    XL:     6   Next: 53%
Magic:  2/6        EV:  7    Int:  8    God:    Uskayaw [**....]
Gold:   188        SH:  9    Dex: 11    Spells: 5/5 levels left

rFire    x . .     SeeInvis .   a - +0 long sword
rCold    + . .     Faith    .   c - +0 kite shield
rNeg     + + +     Spirit   .   b - +0 scale mail
rPois    ∞         Reflect  .   (no helmet)
rElec    .         Harm     .   h - +0 cloak
rCorr    .         Rampage  .   e - +1 pair of gloves
Will     .....                  (no boots)
Stlth    ..........             (no amulet)
HPRegen  0.16/turn              (no ring)
MPRegen  0.10/turn              (no ring)

@: no status effects
A: no potions, fire vulnerability, cold resistance 1, negative energy resistance
3, torment resistance, unbreathing
a: Renounce Religion, Stomp, Line Pass


You were in an ossuary.
You worshipped Uskayaw.
Uskayaw was noncommittal.
You visited 1 branch of the dungeon, and saw 4 of its levels.
You also visited: Ossuary.

You collected 188 gold pieces.

Inventory:

Hand Weapons
 a - a +0 long sword (weapon)
Armour
 b - a +0 scale mail (worn)
 c - a +0 kite shield (worn)
 e - a +1 pair of gloves (worn)
 h - a +0 cloak (worn)
Jewellery
 d - an uncursed ring of ice
Wands
 j - a wand of enslavement (12)
 k - a wand of polymorph (12)
 l - a wand of paralysis (11)
Scrolls
 f - 3 scrolls of teleportation
 g - 4 scrolls of remove curse
 i - 2 scrolls of identify


   Skills:
 + Level 4.0 Fighting
 * Level 4.3 Long Blades
 + Level 3.0 Armour
 + Level 0.6 Dodging
 + Level 0.1 Stealth
 + Level 3.3 Shields


You had 5 spell levels left.
You didn't know any spells.
Your spell library was empty.

Dungeon Overview and Level Annotations

Branches:
Dungeon (4/15)             Temple (0/1) D:4         Ossuary (1/1)

Altars:
Ashenzari
Uskayaw


Innate Abilities, Weirdness & Mutations

You do not drink.
Your flesh is vulnerable to fire.
You are immune to poison.
Your flesh is cold resistant. (rC+)
You are immune to negative energy. (rN+++)
You are immune to unholy pain and torment.
You can survive without breathing.


Message History

* * * LOW HITPOINT WARNING * * *
The mummy hits you!
* * * LOW HITPOINT WARNING * * *
Aiming: Line Pass
Press: ? - help, Dir - move target The mummy appears confused.
The orc zombie hits you.
* * * LOW HITPOINT WARNING * * *
The hobgoblin zombie barely misses you.
You catch the helpless mummy completely off-guard!
You hit the mummy.
The mummy is severely damaged.
The mummy seems less confused.
You block the orc zombie's attack. The mummy hits you but does no damage.
The hobgoblin zombie hits you but does no damage.
You hit the mummy but do no damage.
The mummy is severely damaged.
The orc zombie hits you but does no damage.
The hobgoblin zombie hits you but does no damage.
The mummy hits you.
You die...

...........
.........
........
......
#....#
#....#
#....#
#.@..#
#ZMZ.#
#....#
#....#
#....#
#.∩∩.#
######


You could see a mummy, a hobgoblin zombie and an orc zombie.

Vanquished Creatures
  A howler monkey (D:4)
  Crazy Yiuf (D:2)
  Natasha (thrice) (D:2)
  Terence (D:2)
  An orc wizard (D:4)
  A mummy (Ossuary)
  11 adders
  2 oozes
  An adder skeleton (D:4)
  2 worms
  A dart slug (D:1)
  4 leopard geckos
  3 orcs (D:4)
  7 giant cockroaches
  2 goblins
  7 hobgoblins
  4 jackals (D:3)
  2 quokkas
  A ball python (D:2)
  7 bats
  5 frilled lizards
  7 kobolds
  4 kobold zombies (Ossuary)
  An orc zombie (Ossuary)
  A quokka skeleton (D:4)
  6 rats
86 creatures vanquished.

Notes
Turn   | Place    | Note
-------+----------+-------------------------------------------
     0 | D:1      | Gabide the Mummy Fighter began the quest for the Orb.
     0 | D:1      | Reached XP level 1. HP: 18/18 MP: 1/1
    94 | D:1      | Reached XP level 2. HP: 14/24 MP: 2/2
   899 | D:1      | Reached XP level 3. HP: 29/29 MP: 3/3
  1101 | D:2      | Noticed Terence
  1126 | D:2      | Killed Terence
  1162 | D:2      | Found a hide-covered altar of Uskayaw.
  1192 | D:2      | Became a worshipper of Uskayaw the Reveller
  1280 | D:2      | Reached * piety under Uskayaw
  1283 | D:2      | Reached ** piety under Uskayaw
  1284 | D:2      | Reached XP level 4. HP: 32/35 MP: 4/4
  1569 | D:2      | Found a runed translucent door.
  1570 | D:2      | Noticed Crazy Yiuf
  1624 | D:2      | Noticed Natasha
  1633 | D:2      | Killed Natasha
  1715 | D:2      | Noticed Natasha
  1732 | D:2      | Killed Natasha
  1733 | D:2      | Reached XP level 5. HP: 17/42 MP: 5/5
  2051 | D:2      | Found a broken altar of Ashenzari.
  2205 | D:2      | Noticed Natasha
  2216 | D:2      | Killed Natasha
  2218 | D:2      | Reached *** piety under Uskayaw
  2223 | D:2      | Killed Crazy Yiuf
  3231 | D:3      | Reached XP level 6. HP: 48/48 MP: 6/6
  3573 | D:4      | Found a staircase to the Ecumenical Temple.
  3759 | D:4      | Found a sand-covered staircase.
  3769 | Ossuary  | Entered an ossuary
  3798 | Ossuary  | Slain by a mummy

Illustrated notes

Levels and vault maps discovered:
D:1:      erik_arrival_cave_to_civilisation [erik_arrival_cave_to_hall],
          layout_basic
D:2:      layout_loops_ring, eat_drink_and_be_merry_uskayaw, ashenzari_altar_1,
          uniq_natasha, uniq_terence, uniq_crazy_yiuf_cottage
D:3:      layout_loops_cross
D:4:      layout_rooms, tgw_sif, temple_green,
          lightli_ossuary_entry_decrepit_ruins, minmay_circle_x
Ossuary:  ossuary_tomb_3

Skill      XL: |  1  2  3  4  5  6 |
---------------+-------------------+-----
Long Blades    | 2 3 4 |  4.3
Shields        | 3 |  3.3
Armour         | 3 |  3.0
Fighting       | 4 |  4.0
Dodging        | |  0.6
Stealth        | |  0.1

Action                   |  1- 3 |  4- 6 || total
-------------------------+-------+-------++-------
Melee: Long sword        |   107 |   249 ||   356
Invok: Line Pass         |       |     2 ||     2
       Stomp             |       |     1 ||     1
  Use: Scroll            |     5 |     2 ||     7
 Stab: Paralysed         |       |     2 ||     2
       Confused          |       |     1 ||     1
Armor: Scale mail        |    60 |   115 ||   175
Dodge: Dodged            |    48 |    90 ||   138
Block: Kite shield       |    60 |   124 ||   184
       Rpst.: Long sword |    15 |    24 ||    39
